 Dungeon Crawl Stone Soup version 0.30-a0-840-ga523dec638 (webtiles) character file.

Game seed: 4003544649969355220

970 retardedninja the Shield-Bearer (level 8, -7/67 HPs)
             Began as a Gnoll Fighter on Mar 1, 2023.
             Succumbed to Dowan's poison
             ... on level 5 of the Dungeon.
             The game lasted 00:08:11 (6299 turns).

retardedninja the Shield-Bearer (Gnoll Fighter)     Turns: 6299, Time: 00:08:11

Health: -7/67      AC: 15    Str: 21    XL:     8   Next: 16%
Magic:  12/12      EV: 10    Int:  8    God:
Gold:   162        SH:  5    Dex: 12    Spells: 13/13 levels left

rFire   . . .      SeeInvis .    a - +0 flail
rCold   . . .      Faith    .    c - +0 buckler
rNeg    . . .      Spirit   .    b - +0 scale mail
rPois   .          Reflect  .    (no helmet)
rElec   .          Harm     .    (no cloak)
rCorr   .          Rampage  .    k - +0 pair of gloves
Will    .....                    (no boots)
Stlth   +                        (no amulet)
HPRegen 0.31/turn                u - +4 ring of protection
MPRegen 0.13/turn                A - +6 ring of strength

@: lethally poisoned (-7 -> -44)
A: fangs 1, strong nose, distributed training, iridescent scales 1, weak 1,
inability to read after injury 1
a: no special abilities


You were on level 5 of the Dungeon.
You visited 1 branch of the dungeon, and saw 5 of its levels.
You also visited: Sewer.

You collected 162 gold pieces.

Inventory:

Hand Weapons
 a - a +0 flail (weapon)
Missiles
 p - a throwing net (quivered)
Armour
 b - a +0 scale mail (worn)
 c - a +0 buckler (worn)
 k - a +0 pair of gloves (worn)
Jewellery
 u - a +4 ring of protection (left hand)
 A - a +6 ring of strength (right hand)
Scrolls
 e - 2 scrolls of noise {unknown}
 f - 2 scrolls of vulnerability {unknown}
 j - 3 scrolls of teleportation
 l - 2 scrolls of fog {unknown}
 m - 2 scrolls of enchant weapon {unknown}
 o - a scroll of enchant armour {unknown}
 t - a scroll of magic mapping {unknown}
 v - a scroll of fear {unknown}
Potions
 i - a potion of degeneration
 n - a potion of flight
 q - 2 potions of resistance
 w - 2 potions of brilliance
 x - a potion of mutation


   Skills:
 + Level 7.3 Fighting
 + Level 3.1 Short Blades
 + Level 3.1 Long Blades
 + Level 3.1 Axes
 + Level 5.6 Maces & Flails
 + Level 3.1 Polearms
 + Level 3.1 Staves
 + Level 3.1 Ranged Weapons
 + Level 3.1 Throwing
 + Level 7.3 Armour
 + Level 3.1 Dodging
 + Level 3.1 Stealth
 + Level 7.3 Shields
 + Level 3.1 Unarmed Combat
 + Level 3.1 Spellcasting
 + Level 2.5 Conjurations
 + Level 2.5 Hexes
 + Level 2.5 Summonings
 + Level 2.5 Necromancy
 + Level 2.5 Translocations
 + Level 2.5 Transmutations
 + Level 2.5 Fire Magic
 + Level 2.5 Ice Magic
 + Level 2.5 Air Magic
 + Level 2.5 Earth Magic
 + Level 2.5 Poison Magic
 + Level 3.4 Invocations
 + Level 3.1 Evocations


You had 13 spell levels left.
You didn't know any spells.
Your spell library contained the following spells:

 Spells                   Type           Power      Damage    Failure   Level
 Shock                    Conj/Air       20%        1d4       34%         1
 Swiftness                Air            5%         N/A       71%         3
 Airstrike                Air            2%         2d(1-17)  98%         4


Dungeon Overview and Level Annotations

Branches:
Dungeon (5/15)              Sewer (visited)
 Temple: D:4-7

Altars:
Dithmenos
Makhleb

Shops:
D:1 *   D:2 !   D:4 *

Annotations:
D:2 1 runed translucent door, Crazy Yiuf
D:5 Dowan, Duvessa


Innate Abilities, Weirdness & Mutations

You have very sharp teeth.
Your uncanny sense of smell can sniff out nearby items.
Your experience applies equally to all skills.
You are partially covered in iridescent scales. (AC +2)
You are weak. (Str -2)
You occasionally lose the ability to read scrolls when taking damage.


Message History

* * * LOW HITPOINT WARNING * * *
Duvessa hits you with a +1 short sword of venom.
* * * LOW HITPOINT WARNING * * *
You are lethally poisoned!
Duvessa hits you but does no damage.
You are more poisoned.
Dowan hits you but does no damage.
You are more poisoned.
You feel much better.
You feel extremely sick. Duvessa hits you but does no damage.
You are lethally poisoned!
Dowan casts a spell at you. The puff of frost hits you.
It was a potion of mutation.
You feel extremely strange.
You occasionally lose the ability to read scrolls when taking damage.
You feel weaker.
Iridescent scales grow over part of your body.
You feel extremely sick. You block Duvessa's attack. Dowan barely misses you.
It was a potion of magic.
Magic courses through your body.
* * * LOW HITPOINT WARNING * * *
You feel extremely sick.
Duvessa hits you with a +1 short sword of venom.
* * * LOW HITPOINT WARNING * * *
You are more poisoned.
Dowan completely misses you.
Okay, then.
You hit Duvessa but do no damage. Your bite misses Duvessa.
* * * LOW HITPOINT WARNING * * *
You feel extremely sick. Duvessa misses you.
Dowan hits you with a +4 dagger of venom.
* * * LOW HITPOINT WARNING * * *
You are more poisoned.
Okay, then.
Sorry, you're not good enough to have a special ability.
Okay, then.
You hit Duvessa but do no damage.
You die...

#### ..# #.# #...
..# #.# #.## ...
#.# #.## .. #.#
#... #.# #.# #..#
#.. #.# #..#
#..### #.# #..#
+..e@####.### #...
∆ #.##e.##....#
##.# # ##...#.#.#
#.#
##....#.#######..
.................
###....########...
##..## #.### ##.#
#.#.. #.# #.#.#


You could see Duvessa and Dowan.

Vanquished Creatures
  A black bear (D:5)
  A centaur (D:5)
  A kobold brigand (Sewer)
  A necrophage (D:5)
  A howler monkey (D:5)
  2 hounds
  An orc priest (D:5)
  Terence (D:3)
  Jessica (D:2)
  A gnoll bouda (D:5)
  An iguana (D:4)
  Natasha (D:2)
  2 orc wizards (D:5)
  8 gnolls
  6 adders
  8 river rats (Sewer)
  2 white imps (D:5)
  An ufetubus (D:5)
  A worm (D:2)
  3 dart slugs
  7 orcs
  9 endoplasms
  3 giant cockroaches
  12 goblins
  7 hobgoblins
  6 jackals
  3 quokkas
  11 ball pythons
  5 bats
  2 frilled lizards
  20 kobolds
  22 rats
151 creatures vanquished.

Notes
Turn   | Place    | Note
-------+----------+-------------------------------------------
     0 | D:1      | retardedninja the Gnoll Fighter began the quest for the
                  | Orb.
     0 | D:1      | Reached XP level 1. HP: 23/23 MP: 1/1
    72 | D:1      | Reached XP level 2. HP: 27/29 MP: 2/2
   596 | D:1      | Found Inapn's Assorted Antiques.
   860 | D:2      | Noticed Jessica
   868 | D:2      | Killed Jessica
   869 | D:2      | Reached skill level 1 in Short Blades
   869 | D:2      | Reached skill level 1 in Long Blades
   869 | D:2      | Reached skill level 1 in Axes
   869 | D:2      | Reached skill level 1 in Polearms
   869 | D:2      | Reached skill level 1 in Staves
   869 | D:2      | Reached skill level 1 in Ranged Weapons
   869 | D:2      | Reached skill level 1 in Throwing
   869 | D:2      | Reached skill level 1 in Dodging
   869 | D:2      | Reached skill level 1 in Stealth
   869 | D:2      | Reached skill level 1 in Unarmed Combat
   869 | D:2      | Reached skill level 1 in Spellcasting
   869 | D:2      | Reached skill level 1 in Invocations
   869 | D:2      | Reached skill level 1 in Evocations
   869 | D:2      | Reached XP level 3. HP: 33/35 MP: 2/4
   946 | D:2      | Found a faded altar of an unknown god.
  1009 | D:2      | Reached XP level 4. HP: 41/41 MP: 5/5
  1065 | D:2      | Found Mottak's Distillery.
  1099 | D:2      | Found a runed translucent door.
  1100 | D:2      | Noticed Crazy Yiuf
  1140 | D:2      | Reached skill level 1 in Conjurations
  1140 | D:2      | Reached skill level 1 in Hexes
  1140 | D:2      | Reached skill level 1 in Summonings
  1140 | D:2      | Reached skill level 1 in Necromancy
  1140 | D:2      | Reached skill level 1 in Translocations
  1140 | D:2      | Reached skill level 1 in Transmutations
  1140 | D:2      | Reached skill level 1 in Fire Magic
  1140 | D:2      | Reached skill level 1 in Ice Magic
  1140 | D:2      | Reached skill level 1 in Air Magic
  1140 | D:2      | Reached skill level 1 in Earth Magic
  1140 | D:2      | Reached skill level 1 in Poison Magic
  1563 | D:2      | Noticed Natasha
  1579 | D:2      | Killed Natasha
  1580 | D:2      | Reached XP level 5. HP: 15/47 MP: 5/7
  2604 | D:3      | Found a glowing drain.
  2609 | Sewer    | Entered a sewer
  3160 | Sewer    | Noticed a kobold brigand
  3171 | Sewer    | Killed a kobold brigand
  3172 | Sewer    | Reached skill level 5 in Maces & Flails
  3172 | Sewer    | Reached XP level 6. HP: 37/53 MP: 7/9
  3972 | D:3      | Noticed Terence
  3993 | D:3      | Killed Terence
  4638 | D:4      | Found Woleuj Qyxt's Lightly-Used Armoury.
  4686 | D:4      | Found a shadowy altar of Dithmenos.
  4894 | D:4      | Reached XP level 7. HP: 59/59 MP: 10/10
  5218 | D:5      | Entered Level 5 of the Dungeon
  5218 | D:5      | Noticed a blizzard demon
  5218 | D:5      | Found a burning altar of Makhleb.
  5925 | D:5      | Reached XP level 8. HP: 28/67 MP: 12/12
  6279 | D:5      | Noticed Duvessa
  6279 | D:5      | Noticed Dowan
  6296 | D:5      | Gained mutation: You occasionally lose the ability to read
                  | scrolls when taking damage. [potion of mutation]
  6296 | D:5      | Gained mutation: You are weak. (Str -2) [potion of
                  | mutation]
  6296 | D:5      | Gained mutation: You are partially covered in iridescent
                  | scales. (AC +2) [potion of mutation]
  6298 | D:5      | HP: 2/67 [Dowan/+4 dagger of venom (4)]
  6299 | D:5      | Succumbed to Dowan's poison

Illustrated notes

Levels and vault maps discovered:
D:1:      giann_horns, layout_basic, serial_shops, shop, minmay_tripent
D:2:      layout_loops_cross, serial_shops, shop,
          hellmonk_ecumenical_altar_zigzags, kennysheep_nub, uniq_natasha,
          uniq_jessica, uniq_crazy_yiuf_cottage
D:3:      layout_basic, gup_sewer_entry_bowl, minmay_misc_feat_room,
          uniq_terence
D:4:      layout_rooms, mainiacjoe_overflow_tiny_flanked,
          kennysheep_another_room, skrybe_limestone_x, minmay_shop_damaged,
          minmay_hedge_maze, kennysheep_minor_cross
D:5:      layout_loops_corners, makhleb_altar_promises_db, minivault_1,
          uniq_duvessa

Skill      XL: |  1  2  3  4  5  6  7 |
---------------+----------------------+-----
Short Blades   | 1 2 3 |  3.1
Long Blades    | 1 2 3 |  3.1
Axes           | 1 2 3 |  3.1
Polearms       | 1 2 3 |  3.1
Staves         | 1 2 3 |  3.1
Ranged Weapons | 1 2 3 |  3.1
Throwing       | 1 2 3 |  3.1
Dodging        | 1 2 3 |  3.1
Stealth        | 1 2 3 |  3.1
Unarmed Combat | 1 2 3 |  3.1
Spellcasting   | 1 2 3 |  3.1
Invocations    | 1 2 3 |  3.4
Evocations     | 1 2 3 |  3.1
Conjurations   | 1 2 |  2.5
Hexes          | 1 2 |  2.5
Summonings     | 1 2 |  2.5
Necromancy     | 1 2 |  2.5
Translocations | 1 2 |  2.5
Transmutations | 1 2 |  2.5
Fire Magic     | 1 2 |  2.5
Ice Magic      | 1 2 |  2.5
Air Magic      | 1 2 |  2.5
Earth Magic    | 1 2 |  2.5
Poison Magic   | 1 2 |  2.5
Maces & Flails | 5 |  5.6
Fighting       | 7 |  7.3
Armour         | 7 |  7.3
Shields        | 7 |  7.3

Action                     |  1- 3 |  4- 6 |  7- 9 || total
---------------------------+-------+-------+-------++-------
  Melee: Flail             |    79 |   303 |   155 ||   537
         Bite              |     4 |    25 |    18 ||    47
    Use: Potion            |       |     5 |    10 ||    15
         Scroll            |       |     4 |     2 ||     6
 Armour: Scale mail        |    43 |   154 |   103 ||   300
  Dodge: Dodged            |    45 |   168 |   126 ||   339
  Block: Buckler           |    27 |   111 |    61 ||   199

Table legend: (Time is in decaauts)
 A = Elapsed time spent in this place.
 B = Non-inter-level travel time spent in this place.
 C = Inter-level travel time spent in this place.
 D = Time resting spent in this place.
 E = Time spent auto-exploring this place.
 F = Levels seen in this place.
 G = Mean time per level.
                   A        B        C        D        E       F      G
               +--------+--------+--------+--------+--------+-----+--------+
         Total |   6391 |   6181 |    210 |   1966 |   3004 |   6 | 1065.2 |
       Dungeon |   5085 |   4875 |    210 |   1312 |   2680 |   5 | 1017.0 |
         Sewer |   1305 |   1305 |      0 |    653 |    323 |   1 | 1305.0 |
               +--------+--------+--------+--------+--------+-----+--------+

Top non-repeatable levels by time:
     D:2: 1776 daAuts
   Sewer: 1305 daAuts
     D:5: 1086 daAuts
     D:1: 841 daAuts
     D:4: 742 daAuts
     D:3: 637 daAuts
